 Dungeon Crawl Stone Soup version 0.30-a0-778-g2ef04afb54 (webtiles) character file.

Game seed: 13868140241975613164

60 Esekla the Sneak (level 4, 31/31 HPs)
             Began as an Octopode Delver on Feb 15, 2023.
             Quit the game on level 5 of the Dungeon.
             The game lasted 00:03:23 (322 turns).

Esekla the Sneak (Octopode Delver)                   Turns: 322, Time: 00:03:23

Health: 31/31      AC:  1    Str: 11    XL:     4   Next: 6%
Magic:  5/5        EV: 13    Int: 14    God:
Gold:   49         SH:  0    Dex: 13    Spells: 5/5 levels left

rFire   . . .      SeeInvis .    a - +0 falchion
rCold   . . .      Faith    .    (no shield)
rNeg    . . .      Spirit   .    (helmet restricted)
rPois   .          Reflect  .    (no amulet)
rElec   .          Harm     .    (no ring)
rCorr   .          Rampage  .    (no ring)
Will    .....                    (no ring)
Stlth   ++++                     (no ring)
HPRegen 0.25/turn                (no ring)
MPRegen 0.09/turn                (no ring)
                                 (no ring)
                                 (no ring)

@: no status effects
A: almost no armour, amphibious, 8 rings, camouflage 1, gelatinous body 1,
(nimble swimmer 1), tentacles
a: no special abilities


You were on level 5 of the Dungeon.
You visited 1 branch of the dungeon, and saw 1 of its levels.

You collected 49 gold pieces.

Inventory:

Hand Weapons
 a - a +0 falchion (weapon)
Wands
 f - a wand of digging (3)
Scrolls
 b - a scroll of fog
 g - a scroll of identify {unknown}


   Skills:
 * Level 3.4 Fighting
 * Level 2.3 Long Blades
 * Level 2.3 Dodging
 + Level 7.4 Stealth
 * Level 1.0 Spellcasting


You had 5 spell levels left.
You didn't know any spells.
Your spell library contained the following spells:

 Spells                   Type           Power      Damage    Failure   Level
 Freeze                   Ice            0%         1d3       26%         1
 Frozen Ramparts          Ice            0%         1d1       61%         3
 Hailstorm                Conj/Ice       0%         3d3       61%         3


Dungeon Overview and Level Annotations

Branches:
Dungeon (5/15)
 Temple: D:4-7

Altars:
Cheibriados
Fedhas
Okawaru
Ru
Wu Jian


Innate Abilities, Weirdness & Mutations

You cannot wear most types of armour.
You are amphibious.
You can wear up to eight rings at the same time.
Your skin changes colour to match your surroundings (Stealth+).
Your rubbery body absorbs attacks. (AC +1, EV +1)
((You are camouflaged when in or above water. (Stealth+)))
You have tentacles for arms and can constrict up to eight enemies at once.


Message History

There is an open door here.
You feel yourself speed up.
You open the door.
Found an ornate altar of the Wu Jian Council.
There is an open door here.
Found a sacrificial altar of Ru.
Found an iron altar of Okawaru and a blossoming altar of Fedhas.
Found a plate armour.
You see here a +0 plate armour.
Your extra speed is starting to run out.
You hear the slow rusting of a very distant drain.
You feel yourself slow down.
You hear the rusting of a very distant drain.
You hear the rusting of a very distant drain.
A hound comes into view.
Found 2 poisoned darts.
You now have 20 gold pieces (gained 9).
The black bear growls angrily.
You hear an angry growl.
You see here a scorpion corpse.
You hear the brisk rusting of a drain nearby.
You open the door.
There is an open door here.
You close the door.
You open the door.
There is an open door here.
Found 18 gold pieces.
An orc priest comes into view. It is wielding a +0 club.
A quokka comes into view.
The centaur shouts!
You see here 18 gold pieces.
You now have 38 gold pieces (gained 18).
You open the door.
Found 11 gold pieces and a book of Frost.
There is an open door here.
You now have 49 gold pieces (gained 11).
You pick up a book of Frost and begin reading...
You add the spells Freeze, Frozen Ramparts and Hailstorm to your library.
You hear the brisk rusting of a very distant drain.
Found a snail-covered altar of Cheibriados.
Are you sure you want to abandon this character and quit the game? (Confirm with "yes".)

*,,,,,,,,**,**,,,*****,**,,,
*****,**##...##,,,,,,,,*****
#,*##.....##******** #
*.##.......### #
*******,....._.....# #
*,,,,,,,*#.......#.## #
*,****,,,*#.....##..## ####
*,****,,*,*#...##....## ##..#
*,**,,,,,,**#@##......####....
*>**,,,,,,,,+.........'.......
*,,,,,,,,***#.........####....
****,**,** ##.......## ##.#.
*,**** ##.....## ###. *,*
##...## #. *,* ##+## #. *,*
***** *,* #. *,***,,,* *,* #.


There were no monsters in sight!

Vanquished Creatures
  A scorpion (D:5)
1 creature vanquished.

Notes
Turn   | Place    | Note
-------+----------+-------------------------------------------
     0 | D:5      | Esekla the Octopode Delver began the quest for the Orb.
     0 | D:5      | Reached XP level 1. HP: 16/16 MP: 1/1
    28 | D:5      | Noticed a scorpion
    40 | D:5      | Noticed a scorpion
    41 | D:5      | Noticed a black bear
    42 | D:5      | Noticed an ogre
    43 | D:5      | Noticed an iguana
    51 | D:5      | Killed a scorpion
    52 | D:5      | Reached skill level 7 in Stealth
    52 | D:5      | Reached skill level 1 in Spellcasting
    52 | D:5      | Reached XP level 2. HP: 7/21 MP: 1/3
    52 | D:5      | Reached XP level 3. HP: 9/26 MP: 1/4
    52 | D:5      | Reached XP level 4. HP: 11/31 MP: 1/5
    57 | D:5      | Noticed a black bear
    77 | D:5      | Found an ornate altar of the Wu Jian Council.
    79 | D:5      | Found a sacrificial altar of Ru.
    80 | D:5      | Found an iron altar of Okawaru.
    80 | D:5      | Found a blossoming altar of Fedhas.
   293 | D:5      | Noticed a centaur
   320 | D:5      | Found a snail-covered altar of Cheibriados.
   322 | D:5      | Quit the game

Illustrated notes

Levels and vault maps discovered:
D:5:      minmay_clustersquares, layout_loops_corners,
          mainiacjoe_overflow_alcove_3, lemuel_round_altar,
          gup_sewer_entry_glass, st_stairs_1, uniq_crazy_yiuf_cottage,
          uniq_pikel

Skill      XL: |  1 |
---------------+----+-----
Stealth        | 7 |  7.4
Spellcasting   | 1 |  1.0
Fighting       | |  3.4
Long Blades    | |  2.3
Dodging        | |  2.3

Action                     |  1- 3 |  4- 6 || total
---------------------------+-------+-------++-------
  Melee: Falchion          |     6 |       ||     6
         Constrict         |     1 |       ||     1
         Tentacles         |     1 |       ||     1
    Use: Scroll            |     2 |       ||     2
         Potion            |       |     1 ||     1
  Dodge: Dodged            |     7 |       ||     7

Table legend: (Time is in decaauts)
 A = Elapsed time spent in this place.
 B = Non-inter-level travel time spent in this place.
 C = Inter-level travel time spent in this place.
 D = Time resting spent in this place.
 E = Time spent auto-exploring this place.
 F = Levels seen in this place.
 G = Mean time per level.
                   A        B        C        D        E       F      G
               +--------+--------+--------+--------+--------+-----+--------+
         Total |    308 |    308 |      0 |      5 |      0 |   1 |  308.0 |
       Dungeon |    308 |    308 |      0 |      5 |      0 |   1 |  308.0 |
               +--------+--------+--------+--------+--------+-----+--------+

Top non-repeatable levels by time:
     D:5: 308 daAuts
